cohdb
Replays
Latest Replays
All Replays
Popular Replays
Top Player Replays
Match Explorer
How It Works
Community
CoH3 Stats
Reddit
Sign in to upload your games and track your stats! →
Sign in with Steam
Match 37972507
Unlisted
Match 37972507
Overview
Messages
Build Orders
End
Construct Infanterie Kompanie
Selects Mechanized Battlegroup
Grenadier Squad
MG 42 Machine Gun Team
Grenadier Squad
Grenadier Squad
Medical Station
Construct Luftwaffe Kompanie
221 Scout Car
Selects Raid Package
Selects Mobile Repair Stations
Selects Raid Package
Pioneer Squad
Support Elements
Wirbelwind Flakpanzer
qZeto
Epicdeath
BIOHAZARD
Cjoffrey
Totobus59
Alain306
0
0
Comments
sign in to comment!
No comments posted yet!